 Dungeon Crawl Stone Soup version 0.32-a0-422-g28b100f618 (webtiles) character file.

Game seed: 18006284397470422778

893 lunkers the Reanimator (level 7, -5/50 HPs)
             Began as a Mountain Dwarf Necromancer on Feb 21, 2024.
             Slain by an orc warrior
             ... wielding a +0 dire flail
              (7 damage)
             ... on level 4 of the Dungeon.
             The game lasted 00:09:47 (5032 turns).

lunkers the Reanimator (Mountain Dwarf Necromancer) Turns: 5032, Time: 00:09:48

Health: -5/50      AC: 12    Str: 10 (11) XL:     7   Next: 78%
Magic:  0/9        EV:  8    Int: 22 (23) God:
Gold:   252        SH:  0    Dex:  9 (10) Spells: 1/9 levels left

rFire   . . .        a - +1 whip (elec)
rCold   . . .        (no shield)
rNeg    . . .        u - +0 scale mail {Will+}
rPois   .            m - +0 helmet
rElec   .            (no cloak)
rCorr   .            (no gloves)
SInv    .            p - +0 pair of boots
Will    +....        (no amulet) Stlth
                     c - +6 ring of intelligence
HPRegen 0.28/turn    o - +4 ring of protection
MPRegen 0.11/turn

%: no passive effects
@: no status effects
A: runic magic, artefact enchanting
a: no special abilities


You were on level 4 of the Dungeon.
You visited 1 branch of the dungeon, and saw 4 of its levels.

You collected 252 gold pieces.

Inventory:

Hand Weapons
 a - a +1 whip of electrocution (weapon)
 d - a +0 flail
 f - a +0 dagger
 q - a +0 mace
Armour
 m - a +0 helmet (worn)
 p - a +0 pair of boots (worn)
 t - a +0 robe
 u - a +0 scale mail of willpower (worn)
Magical Staves
 b - a staff of death
Jewellery
 c - a +6 ring of intelligence (left hand)
 l - an amulet of faith
 o - a +4 ring of protection (right hand)
Scrolls
 e - 3 scrolls of teleportation
 g - a scroll of vulnerability
 i - 2 scrolls of fog
Potions
 h - a potion of magic
 k - 3 potions of degeneration
 s - 2 potions of curing


   Skills:
 - Level 3.7(4.2) Maces & Flails
 + Level 2.6(3.4) Staves
 - Level 1.3 Dodging
 - Level 1.4 Stealth
 - Level 1.7 Spellcasting
 + Level 9.6 Necromancy


You had one spell level left.
You knew the following spells:

 Your Spells              Type           Power      Damage    Failure   Level
b - Vampiric Draining     Necr           44%        2d9       1%          3
c - Animate Dead          Necr           44%        N/A       4%          4
p - Necrotise             Necr           100%       1d9       1%          1

Your spell library contained the following spells:

 Spells                   Type           Power      Damage    Failure   Level
 Curse of Agony           Necr           44%        N/A       12%         5


Dungeon Overview and Level Annotations

Branches:
Dungeon (4/15)
 Temple: D:4-7

Altars:


Innate Abilities, Weirdness & Mutations

Your spellcasting is much less encumbered by armour.
You can use scrolls of enchantment on lesser artefacts.


Message History

Unknown command.
Casting: Vampiric Draining (safe; 1% risk of failure)
Confirm with . or Enter, or press ? or * to list all spells.
Aiming: Vampiric Draining (safe; 1% risk of failure)
Press: ? - help, Shift-Dir - straight line, f/p - orc warrior
Aim: an orc warrior, wielding a +0 dire flail and wearing a +0 plate armour (lightly wounded)
You draw life force from the orc warrior.
You feel life coursing into your body.
* * * LOW MAGIC WARNING * * *
The orc warrior closely misses you.
Unknown command.
Unknown command.
Unknown command.
You aren't carrying any items that you can evoke.
Unknown command.
Okay, then.
You hit the orc warrior but do no damage.
The orc warrior is heavily wounded.
The orc warrior closely misses you.
Unknown command.
You hit the orc warrior but do no damage.
The orc warrior is heavily wounded.
The orc warrior barely misses you.
Unknown command.
You hit the orc warrior but do no damage.
The orc warrior is heavily wounded.
The orc warrior hits you with a +0 dire flail.
* * * LOW HITPOINT WARNING * * *
You closely miss the orc warrior.
The orc warrior is heavily wounded.
The orc warrior hits you with a +0 dire flail!
* * * LOW HITPOINT WARNING * * *
You hit the orc warrior but do no damage.
The orc warrior is heavily wounded.
The orc warrior hits you with a +0 dire flail.
* * * LOW HITPOINT WARNING * * *
You closely miss the orc warrior.
The orc warrior is moderately wounded.
The orc warrior hits you with a +0 dire flail!
You die...

#...## ##..## ..#
##...# ..# #....# ..##
## ##...# ... .###
#...## ## ..
...###....# .#o
....#.....#### #o#
#...##..##.#.###@#
#...##...###....##
##...#..###......#
##...#.....#..#..#
#............#.......
#...........[#.......#
......................
....................#.
..<.#.................


You could see an orc warrior and an orc.

Vanquished Creatures
  The ghost of Ikimono the Chopper, an amateur CoGl of Beogh (D:3)
  A black bear (D:4)
  2 kobold brigands (D:3)
  2 orc priests (D:3)
  5 orc wizards
  14 gnolls (D:3)
  4 adders
  4 ribbon worms
  5 orcs (D:3)
  4 ball pythons
  3 bats
  2 endoplasms (D:2)
  A giant cockroach (D:1)
  4 goblins
  5 hobgoblins
  4 quokkas
  A frilled lizard (D:2)
  46 kobolds
  3 rats (D:2)
111 creatures vanquished.

Vanquished Creatures (collateral kills)
  2 gnolls (D:3)
  A bat (D:1)
  A goblin (D:2)
  4 kobolds (D:3)
8 creatures vanquished.

Vanquished Creatures (others)
  2 gnoll zombies (D:3)
  6 kobold zombies (D:3)
8 creatures vanquished.

Grand Total: 127 creatures vanquished

Notes
Turn   | Place    | Note
-------+----------+-------------------------------------------
     0 | D:1      | lunkers the Mountain Dwarf Necromancer began the quest for
                  | the Orb.
     0 | D:1      | Reached XP level 1. HP: 14/14 MP: 3/3
   229 | D:1      | Reached XP level 2. HP: 20/20 MP: 2/4
   271 | D:1      | Reached skill level 5 in Necromancy
  1045 | D:2      | Reached XP level 3. HP: 20/26 MP: 0/5
  1354 | D:2      | Learned a level 3 spell: Vampiric Draining
  1414 | D:2      | Reached skill level 6 in Necromancy
  1687 | D:2      | Reached XP level 4. HP: 10/33 MP: 0/6
  2228 | D:3      | HP: 1/33 [something (2)]
  2632 | D:3      | Found a runed translucent gate.
  2637 | D:3      | Noticed Ikimono's ghost (amateur CoGl)
  2638 | D:3      | Found a runed translucent gate.
  2638 | D:3      | Found a runed translucent gate.
  2760 | D:3      | Reached skill level 7 in Necromancy
  2796 | D:3      | Reached XP level 5. HP: 38/38 MP: 2/7
  2960 | D:3      | Reached skill level 1 in Maces & Flails
  3076 | D:3      | Reached XP level 6. HP: 17/45 MP: 1/8
  3282 | D:3      | Learned a level 4 spell: Animate Dead
  3292 | D:3      | Reached skill level 8 in Necromancy
  3586 | D:3      | Reached XP level 7. HP: 32/50 MP: 0/9
  4143 | D:3      | Reached skill level 9 in Necromancy
  4464 | D:3      | Identified a scroll of acquirement
  4464 | D:3      | Acquired a staff of death
  4681 | D:3      | Killed Ikimono's ghost
  4682 | D:3      | Reached skill level 1 in Staves
  5031 | D:4      | HP: 1/50 [orc warrior/+0 dire flail (6)]
  5032 | D:4      | Slain by an orc warrior

Illustrated notes

Levels and vault maps discovered:
D:1:      dpeg_arrival_refuge, layout_loops_ring
D:2:      layout_basic
D:3:      minmay_goblin_kobold_castle, layout_basic, ebering_ghost_rock_garden
D:4:      layout_layer_cave, minmay_temple_entry_slanted, uniq_grinder

Skill      XL: |  1  2  3  4  5  6  7 |
---------------+----------------------+-----
Necromancy     | 5 6 7 8 9 |  9.6
Maces & Flails | 1 3 |  3.7
Staves         | 2 |  2.6
Dodging        | |  1.3
Stealth        | |  1.4
Spellcasting   | |  1.7

Action                     |  1- 3 |  4- 6 |  7- 9 || total
---------------------------+-------+-------+-------++-------
  Melee: Unarmed           |     4 |       |       ||     4
         Dagger            |    48 |       |       ||    48
         Mace              |       |     8 |       ||     8
         Whip              |       |   103 |   149 ||   252
         Staff             |       |       |    22 ||    22
   Cast: Necrotise         |    68 |    72 |    18 ||   158
         Vampiric Draining |       |     9 |     4 ||    13
         Animate Dead      |       |       |     2 ||     2
    Use: Potion            |       |     2 |     2 ||     4
         Scroll            |       |       |     7 ||     7
 Armour: Robe              |    39 |    42 |       ||    81
         Scale mail        |       |    56 |   191 ||   247
  Dodge: Dodged            |    44 |    72 |    77 ||   193

Table legend: (Time is in decaauts)
 A = Elapsed time spent in this place.
 B = Non-inter-level travel time spent in this place.
 C = Inter-level travel time spent in this place.
 D = Time resting spent in this place.
 E = Time spent auto-exploring this place.
 F = Levels seen in this place.
 G = Mean time per level.
                   A        B        C        D        E       F      G
               +--------+--------+--------+--------+--------+-----+--------+
         Total |   5043 |   4881 |    162 |    264 |   3615 |   4 | 1260.8 |
       Dungeon |   5043 |   4881 |    162 |    264 |   3615 |   4 | 1260.8 |
               +--------+--------+--------+--------+--------+-----+--------+

Top non-repeatable levels by time:
     D:3: 2694 daAuts
     D:2: 1451 daAuts
     D:1: 732 daAuts
     D:4: 164 daAuts
